 Dungeon Crawl Stone Soup version 0.28.0-53-g5a82cb258f (webtiles) character file.

Game seed: 11938749346382946159

3 Tirrikindir the Shield-Bearer (level 1, 0/16 HPs)
             Began as an Octopode Fighter on Aug 12, 2022.
             Slain by a jackal (3 damage)
             ... on level 1 of the Dungeon.
             The game lasted 00:00:18 (62 turns).

Tirrikindir the Shield-Bearer (Octopode Fighter)      Turns: 62, Time: 00:00:19

Health: 0/16       AC:  1    Str: 15    XL:     1   Next: 50%
Magic:  1/1        EV: 13    Int: 10    God:
Gold:   0          SH:  4    Dex: 11    Spells: 0/0 levels left

rFire   . . .      SeeInvis .   a - +0 long sword
rCold   . . .      Faith    .   b - +0 buckler
rNeg    . . .      Spirit   .   (helmet restricted)
rPois   .          Reflect  .   (no amulet)
rElec   .          Harm     .   (no ring)
rCorr   .          Rampage  .   (no ring)
Will    .....                   (no ring)
Stlth   ++........              (no ring)
HPRegen 0.05/turn               (no ring)
MPRegen 0.07/turn               (no ring)
                                (no ring)
                                (no ring)

@: no status effects
A: almost no armour, amphibious, 8 rings, camouflage 1, gelatinous body 1,
(nimble swimmer 1), tentacles
a: no special abilities


You were on level 1 of the Dungeon.
You visited 1 branch of the dungeon, and saw 1 of its levels.

Inventory:

Hand Weapons
 a - a +0 long sword (weapon)
Armour
 b - a +0 buckler (worn)
Potions
 c - a potion of might


   Skills:
 + Level 3.0 Fighting
 * Level 2.1 Long Blades
 + Level 3.0 Dodging
 + Level 0.2 Stealth
 + Level 3.0 Shields


You couldn't memorise any spells.
You didn't know any spells.
Your spell library was empty.

Dungeon Overview and Level Annotations

Branches:
Dungeon (1/15)

Altars:


Innate Abilities, Weirdness & Mutations

You cannot wear most types of armour.
You are amphibious.
You can wear up to eight rings at the same time.
Your skin changes colour to match your surroundings (Stealth+).
Your rubbery body absorbs attacks. (AC +1, EV +1)
((You are camouflaged when in or above water. (Stealth+)))
You have tentacles for arms and can constrict up to eight enemies at once.


Message History

r - Retreat! s - Stop attacking. g - Guard the area. f - Follow me.
Anything else - Cancel.
You shout for attention!
You hear a bark!
You start resting.
A frilled lizard is nearby!
You see here a jackal corpse.
The frilled lizard bites you.
The jackal barks!
You hit the frilled lizard but do no damage.
Your grab misses the frilled lizard. The frilled lizard bites you.
You barely miss the frilled lizard. Your grab misses the frilled lizard.
Your squeeze misses the frilled lizard. You block the frilled lizard's attack.
The frilled lizard bites you.
You see here a jackal corpse.
You slash the frilled lizard!
You kill the frilled lizard!
You closely miss the jackal. You grab the jackal. You constrict the jackal.
The jackal barely misses you.
You slash the jackal!
You kill the jackal!
The jackal bites you but does no damage.
You closely miss the jackal.
The jackal barks!
Your grab misses the jackal. The jackal barely misses you.
The jackal misses you.
You barely miss the jackal. Your grab misses the jackal.
The jackal bites you. x2
You barely miss the jackal. You grab the jackal.
You constrict the jackal, but do no damage.
The jackal misses you. The jackal bites you.
* * * LOW HITPOINT WARNING * * *
You hit the jackal.
The jackal is lightly wounded.
You constrict the jackal.
The jackal bites you but does no damage.
The jackal barely misses you.
You slash the jackal!
You kill the jackal!
The jackal bites you.
You die...

≈≈P≈≈≈≈P.P.P...#
PP≈≈≈≈≈≈≈..≈...#
P≈≈≈≈≈≈≈P≈≈≈≈P.###
≈≈≈≈≈≈≈≈≈≈≈..≈.'.#
≈≈≈≈≈≈≈≈≈≈.....'.#
≈≈≈≈..≈≈≈..P.♣.#.#
≈.≈.##.≈.###...#.#
.P.####.## #####.#
#### ### #@# #h#
#r########
#........r
##..)..h..
#....h...
.........
#........
.....###.


You could see a jackal and a rat.

Vanquished Creatures
  3 jackals (D:1)
  A frilled lizard (D:1)
4 creatures vanquished.

Notes
Turn   | Place    | Note
-------+----------+-------------------------------------------
     0 | D:1      | Tirrikindir the Octopode Fighter began the quest for the
                  | Orb.
     0 | D:1      | Reached XP level 1. HP: 16/16 MP: 1/1
    62 | D:1      | Slain by a jackal

Illustrated notes

Levels and vault maps discovered:
D:1:      lightli_arrival_windingriver, layout_basic

Action                   || total
-------------------------++-------
Melee: Long sword        ||    11
       Constrict         ||     2
Armor: Skin              ||     2
Dodge: Dodged            ||     5
Block: Buckler           ||     1
